 Dungeon Crawl Stone Soup version 0.29.1-12-g30fa7ad0bf (webtiles) character file.

Game seed: 2901312038496055304

62254 Gabide the Warrior (level 14, -7/125 HPs)
             Began as a Mummy Berserker on Dec 16, 2022.
             Was a High Priest of Trog.
             Shot with an arrow by a centaur warrior (19 damage)
             ... on level 14 of the Dungeon.
             The game lasted 00:31:01 (20734 turns).

Gabide the Warrior (Mummy Berserker)               Turns: 20734, Time: 00:31:02

Health: -7/125     AC: 31    Str: 25    XL:     14   Next: 63%
Magic:  14/14      EV: 11    Int:  6    God:    Trog [*****.]
Gold:   1093       SH:  0    Dex: 12    Spells: 13/13 levels left

rFire   x . .      SeeInvis .     - Unarmed
rCold   + . .      Faith    .   (no shield)
rNeg    + + +      Spirit   .   C - +18 Lear's hauberk
rPois   ∞          Reflect  .   (helmet currently unavailable)
rElec   .          Harm     .   c - +2 cloak
rCorr   .          Rampage  .   (gloves currently unavailable)
Will    ++...                   (boots currently unavailable)
Stlth   ..........              O - amulet of regeneration
HPRegen 1.10/turn               e - ring of willpower
MPRegen 0.14/turn               n - +4 ring of slaying

@: no status effects
A: cold resistance 1, negative energy resistance 3, torment resistance 2, heat
vulnerability 1, in touch with death 2, no potions
a: Renounce Religion, Trog's Hand, Brothers in Arms


You were on level 14 of the Dungeon.
You worshipped Trog.
Trog was extremely pleased with you.
You visited 2 branches of the dungeon, and saw 19 of its levels.

You collected 1387 gold pieces.
You spent 294 gold pieces at shops.

Inventory:

Hand Weapons
 L - a +3 dagger of distortion
Missiles
 f - 5 boomerangs (quivered)
 i - 3 silver boomerangs
 y - 11 atropa-tipped darts
 B - a throwing net
 I - 9 curare-tipped darts
Armour
 b - a +0 pair of boots
 c - a +2 cloak (worn)
 o - a +0 pair of gloves
 r - a +0 troll leather armour
 C - the +18 Lear's hauberk (worn)
   (You found it on level 8 of the Dungeon)
 Q - a +2 pair of boots of stealth
Jewellery
 e - a ring of willpower (left hand)
 g - a ring of protection from cold
 j - a +4 ring of evasion
 n - a +4 ring of slaying (right hand)
 s - a ring of magical power
 v - a ring of ice
 J - a +6 ring of intelligence
 K - a +6 ring of intelligence
 M - an amulet of reflection
 N - a +4 ring of evasion
 O - an amulet of regeneration (around neck)
Wands
 t - a wand of paralysis (14)
 F - a wand of iceblast (18)
 G - a wand of flame (23)
 P - a wand of digging (4)
Scrolls
 a - 4 scrolls of teleportation
 h - a scroll of fear
 k - 2 scrolls of blinking
 l - 2 scrolls of magic mapping
 m - 3 scrolls of torment
 p - 4 scrolls of enchant armour
 q - 2 scrolls of brand weapon
 u - a scroll of immolation
 w - 3 scrolls of summoning
 z - a scroll of poison
 A - 3 scrolls of vulnerability
 E - 7 scrolls of identify
 H - a scroll of enchant weapon
Miscellaneous
 d - a condenser vane
 x - a box of beasts


   Skills:
 - Level 16.0 Fighting
 - Level 6.0 Armour
 - Level 8.0 Dodging
 * Level 15.1 Unarmed Combat


You had 13 spell levels left.
You didn't know any spells.
Your spell library was empty.

Dungeon Overview and Level Annotations

Branches:
Dungeon (14/15)            Temple (0/1) D:7            Lair (5/5) D:10
  Swamp (0/4) Lair:3        Snake (0/4) Lair:2        Slime (0/5) Lair:4
    Orc (0/2) D:10
 Vaults: D:13-14

Altars:
Ashenzari
Cheibriados
Fedhas
Gozag
Hepliaklqana
Makhleb
Okawaru
Sif Muna
Trog
Uskayaw
Vehumet
Wu Jian
Xom

Shops:
D:6 ?   D:7 :   D:8 :   D:11 (

Annotations:
D:13 Azrael


Innate Abilities, Weirdness & Mutations

You are immune to poison.
Your flesh is cold resistant. (rC+)
You are immune to negative energy. (rN+++)
You are immune to unholy pain and torment.
You are vulnerable to heat. (rF-)
You are strongly in touch with the powers of death.
You do not drink.


Message History

You are too injured to fight recklessly!
You are too injured to fight recklessly!
You are too injured to fight recklessly!
You are too injured to fight recklessly!
You are too injured to fight recklessly!
You are too injured to fight recklessly!
You are too injured to fight recklessly!
You are too injured to fight recklessly!
You are too injured to fight recklessly!
You are too injured to fight recklessly!
You are too injured to fight recklessly!
You are too injured to fight recklessly!
You are too injured to fight recklessly!
You are too injured to fight recklessly!
You pummel something!!
You hear a horrible gurgling sound!
Something hits you but does no damage.
You hear some strange, mumbled words.
A lance of force appears from out of thin air!
The lance of force hits you!!
You are knocked back by the lance of force.
You slam into the rock wall!
* * * LOW HITPOINT WARNING * * *
Found a stone staircase leading up.
As you read the scroll of fear, it crumbles to dust.
You assume a fearsome visage.
The vault guard looks frightened!
The yaktaur easily resists.
A five-headed hydra comes into view.
The five-headed hydra roars!
A centaur warrior comes into view.
The centaur warrior wields a +0 shortbow.
The centaur warrior shoots an arrow.
The arrow hits you!
* * * LOW HITPOINT WARNING * * *
You hear a horrible gurgling sound!
You hear a shout!
The centaur warrior shoots an arrow.
The arrow hits you!
* * * LOW HITPOINT WARNING * * *
As you read the scroll of fog, it crumbles to dust.
The scroll dissolves into smoke.
The centaur warrior shoots an arrow.
The arrow hits you!!
You die...

.#.#.# #.#
###.# .#...#
#c#.#..#
.#...#
#.##..#
.##..#
#.#.#..#
..#.####
####...#
#.#....######
####cc.#
#.###.......#
#§.....#
....'.##..#.#
#§#§.#.#
....#.##..#.#
#§@§.#.#
....#.......#
#§§D...#
....#########
###.§..#
....# #.#..#
....# #.#..#
###### #....#
.....# .....#
.###.# .....#
.###.# ..#.#


You could see a five-headed hydra, a centaur warrior and a yaktaur.

Vanquished Creatures
  Snorg (Lair:3)
  An ogre mage (D:11)
  4 hydras
  2 catoblepae
  Erica (D:9)
  6 centaur warriors
  2 boulder beetles
  5 two-headed ogres
  3 death yaks (Lair:5)
  Sonja (Lair:2)
  A deep elf pyromancer (D:11)
  3 ugly things
  4 cyclopes
  9 elephants
  Joseph (D:8)
  9 cane toads
  2 black mambas
  6 komodo dragons
  4 rime drakes
  4 polar bears
  A meliai (shapeshifter) (D:14)
  A meliai (D:11)
  7 dream sheep
  A wolf spider simulacrum (D:12)
  3 trolls
  8 blink frogs (Lair:4)
  8 slime creatures
  5 wraiths
  3 shadows
  A vampire (D:12)
  51 yaks
  2 steam dragons
  2 fire elementals (D:13)
  6 wyverns
  2 basilisks
  2 acid dragons
  2 nagas (Lair:2)
  12 water moccasins
  10 orc warriors
  3 black bears
  2 ice beasts
  2 sky beasts (D:6)
  4 ogres
  20 centaurs
  38 wolves
  A phantom (D:5)
  7 bullfrogs
  6 kobold brigands
  A necrophage (D:5)
  A gnoll sergeant (D:9)
  3 scorpions
  4 wights (D:8)
  12 killer bees (D:8)
  5 howler monkeys
  A gnoll bouda (D:7)
  6 orc priests
  2 jellies
  5 hounds
  Jessica (D:3)
  4 iguanas
  7 orc wizards
  7 adders
  16 gnolls
  A shadow imp (D:7)
  A white imp (D:6)
  2 ufetubi
  2 worms
  2 dart slugs (D:1)
  41 orcs
  7 ball pythons
  4 bats
  4 endoplasms
  8 giant cockroaches
  4 goblins
  9 hobgoblins
  4 jackals (D:3)
  4 frilled lizards
  22 kobolds
  6 rats
475 creatures vanquished.

Vanquished Creatures (collateral kills)
  Rupert (D:14)
  Agnes (D:14)
  A catoblepas (D:14)
  A death yak (Lair:5)
  A deep troll shaman (Lair:5)
  A skeletal warrior (D:9)
  A lindwurm (Lair:5)
  An oklob plant (D:10)
  A cyclops (D:9)
  A wolf spider (D:14)
  A freezing wraith (D:9)
11 creatures vanquished.

Vanquished Creatures (others)
  10 fungi
  22 plants
32 creatures vanquished.

Grand Total: 518 creatures vanquished

Notes
Turn   | Place    | Note
-------+----------+-------------------------------------------
     0 | D:1      | Gabide the Mummy Berserker began the quest for the Orb.
     0 | D:1      | Reached XP level 1. HP: 18/18 MP: 1/1
   158 | D:1      | You fall into a shaft and drop 1 floor!
   555 | D:1      | Reached XP level 2. HP: 24/24 MP: 2/2
   836 | D:1      | Gained mutation: You are in touch with the powers of death.
                  | [Mummy growth]
   836 | D:1      | Reached XP level 3. HP: 17/29 MP: 3/3
  2210 | D:3      | Found a faded altar of an unknown god.
  2431 | D:3      | Reached XP level 4. HP: 35/35 MP: 4/4
  2446 | D:3      | Reached ** piety under Trog
  2457 | D:3      | Noticed Jessica
  2499 | D:3      | Killed Jessica
  3128 | D:4      | Reached XP level 5. HP: 42/42 MP: 5/5
  3226 | D:4      | Reached skill level 4 in Fighting
  3516 | D:3      | Reached XP level 6. HP: 38/49 MP: 6/6
  4029 | D:4      | Found a hazy altar of Hepliaklqana.
  4054 | D:4      | Found a radiant altar of Vehumet.
  4132 | D:4      | Found a snail-covered altar of Cheibriados.
  4253 | D:5      | Entered Level 5 of the Dungeon
  4257 | D:5      | Reached skill level 5 in Fighting
  4332 | D:5      | Reached XP level 7. HP: 49/56 MP: 7/7
  4421 | D:5      | Reached skill level 5 in Unarmed Combat
  4435 | D:5      | Reached *** piety under Trog
  4819 | D:5      | Reached skill level 6 in Fighting
  4951 | D:5      | Noticed a yak
  4951 | D:5      | Noticed a yak
  4953 | D:5      | Noticed a yak
  4961 | D:5      | Killed a yak
  4962 | D:5      | Reached XP level 8. HP: 65/65 MP: 8/8
  4980 | D:5      | Reached skill level 7 in Fighting
  5421 | D:6      | Found Iskoipt's Magic Scroll Emporium.
  5437 | D:6      | Bought a scroll of identify for 28 gold pieces
  5437 | D:6      | Bought a scroll of blinking for 105 gold pieces
  5437 | D:6      | Bought a scroll of identify for 28 gold pieces
  5437 | D:6      | Bought a scroll of summoning for 133 gold pieces
  5861 | D:7      | Found Tonunon's Book Emporium.
  5876 | D:7      | Reached XP level 9. HP: 62/74 MP: 9/9
  5957 | D:7      | Found a staircase to the Ecumenical Temple.
  5969 | D:7      | Reached skill level 8 in Fighting
  6258 | D:7      | Reached skill level 5 in Dodging
  6620 | D:7      | Found a broken altar of Ashenzari.
  6738 | D:7      | Found an opulent altar of Gozag.
  6827 | D:7      | Reached **** piety under Trog
  6978 | D:8      | Found the +18 Lear's hauberk
  7049 | D:8      | Reached skill level 9 in Fighting
  7414 | D:8      | Noticed Joseph
  7426 | D:8      | Killed Joseph
  7427 | D:8      | Reached XP level 10. HP: 83/83 MP: 10/10
  7724 | D:8      | Found Vyocsif's Tremendous Tomes.
  7754 | D:8      | Reached ***** piety under Trog
  7857 | D:8      | Identified the +1 robe of Inviolability {rN+ Str+4}
  7998 | D:8      | Received a gift from Trog
  8005 | D:8      | Reached skill level 10 in Fighting
  8376 | D:9      | Noticed Erica
  8385 | D:9      | Killed Erica
  8840 | D:9      | Reached skill level 11 in Fighting
  8971 | D:9      | Noticed a cyclops
  8981 | D:9      | Killed a cyclops
  8982 | D:9      | Reached XP level 11. HP: 64/93 MP: 11/11
  8982 | D:9      | Noticed a skeletal warrior
  8985 | D:9      | Killed a skeletal warrior
  9346 | D:10     | Entered Level 10 of the Dungeon
  9361 | D:10     | Found a shimmering altar of Xom.
  9409 | D:10     | Found an ornate altar of the Wu Jian Council.
  9411 | D:10     | Found a shimmering blue altar of Sif Muna.
  9411 | D:10     | Found a hide-covered altar of Uskayaw.
  9414 | D:10     | Reached skill level 10 in Unarmed Combat
  9590 | D:10     | Found a burning altar of Makhleb.
  9591 | D:10     | Found a blossoming altar of Fedhas.
  9716 | D:10     | Noticed a two-headed ogre
  9720 | D:10     | Killed a two-headed ogre
  9799 | D:10     | Found a bloodstained altar of Trog.
  9863 | D:10     | Found a staircase to the Orcish Mines.
  9917 | D:10     | Noticed an oklob plant
  9946 | D:10     | Found a staircase to the Lair.
  9974 | D:10     | Killed an oklob plant
  9975 | D:10     | Reached skill level 12 in Fighting
 10387 | D:10     | Found an iron altar of Okawaru.
 10867 | Lair:1   | Entered Level 1 of the Lair of Beasts
 11184 | Lair:1   | Noticed a four-headed hydra
 11192 | Lair:1   | Killed a four-headed hydra
 12008 | Lair:2   | Found a staircase to the Snake Pit.
 12399 | Lair:2   | Noticed Sonja
 12404 | Lair:2   | Killed Sonja
 12405 | Lair:2   | Reached XP level 12. HP: 102/102 MP: 12/12
 12919 | Lair:3   | Reached skill level 5 in Armour
 13071 | Lair:3   | Received a gift from Trog
 13288 | Lair:3   | Found a staircase to the Swamp.
 13514 | Lair:3   | Noticed Snorg
 13882 | Lair:3   | Killed Snorg
 14317 | Lair:3   | Noticed a boulder beetle
 14328 | Lair:3   | Killed a boulder beetle
 14996 | Lair:4   | Reached skill level 13 in Fighting
 15176 | Lair:4   | Noticed a five-headed hydra
 15185 | Lair:4   | Killed a five-headed hydra
 15186 | Lair:4   | Gained mutation: You are strongly in touch with the powers
                  | of death. [Mummy growth]
 15186 | Lair:4   | Reached XP level 13. HP: 109/111 MP: 13/13
 15438 | Lair:4   | Found a staircase to the Slime Pits.
 15944 | Lair:5   | Entered Level 5 of the Lair of Beasts
 16108 | Lair:4   | Received a gift from Trog
 16900 | Lair:5   | Reached skill level 14 in Fighting
 17587 | Lair:5   | Identified the +1 ring mail of Hairiness {Harm rCorr Str-4
                  | Int-4}
 18085 | D:11     | Reached XP level 14. HP: 107/121 MP: 14/14
 18306 | D:11     | Found Ammah's Weapon Boutique.
 18607 | D:12     | Reached skill level 15 in Fighting
 19800 | D:13     | Received a gift from Trog
 19957 | D:13     | Noticed Azrael
 20141 | D:14     | Noticed Agnes
 20169 | D:14     | Killed Agnes
 20415 | D:14     | Noticed Rupert
 20432 | D:14     | Killed Rupert
 20512 | D:14     | Reached skill level 16 in Fighting
 20710 | D:14     | Reached skill level 15 in Unarmed Combat
 20734 | D:14     | Shot with an arrow by a centaur warrior

Illustrated notes

Levels and vault maps discovered:
D:1:      dpeg_arrival_more_subterranean_lakeside_camping, layout_basic,
          minivault_26
D:2:      layout_rooms
D:3:      layout_basic, ebering_ecumenical_altar_hall, uniq_jessica
D:4:      layout_cave_pools, mainiacjoe_overflow_swirl,
          mainiacjoe_overflow_paths, minmay_vboxes
D:5:      layout_cave_pods, gup_sewer_entry_glass
D:6:      layout_rooms, serial_shops, shop, minivault_22,
          minmay_misc_feat_cross, corexii_shack
D:7:      layout_loops_corners, grunt_temple_overflow_gold_and_silver,
          nicolae_overflow_crystal_walls, minmay_temple_entry_mist,
          nicolae_stop_n_shop_1, grunt_ogre_cave
D:8:      layout_loops_cross, lemuel_crystal_altar,
          nicolae_shop_i_like_big_books, eino_jars, uniq_joseph
D:9:      minmay_chambers_of_sevens, layout_irregular_city, uniq_erica
D:10:     layout_roguey, marbit_many_paths, grunt_temple_overflow_open,
          mainiacjoe_overflow_24_doors, dpeg_oklobed_lair, david_orc_2,
          kennysheep_generic_room_11
D:11:     minmay_blocky_corners, layout_long_grid, serial_shops,
          nicolae_shop_hallway_plus
D:12:     layout_loops_cross
D:13:     layout_loops_cross, amethyst_killhole, minmay_orc_keep, uniq_azrael
D:14:     layout_stronghold, david_vaults_5, fedhas_altar_3,
          gammafunk_ghost_arena, uniq_agnes, uniq_rupert, uniq_kirke
Lair:1:   layout_regular_city
Lair:2:   layout_regular_city, minmay_snake_entry_guardpost_medium,
          infiniplex_staircase_pool_2, uniq_sonja
Lair:3:   layout_cave_pods, swamp_mist, grunt_forest_large_clearings, uniq_snorg
Lair:4:   layout_cave_pods, slime_entry_1, minivault_23
Lair:5:   grunt_lair_end_beastmaster, layout_regular_city, grunt_megastairs_3

Skill      XL: |  1  2  3  4  5  6  7  8  9 10 11 12 13 14 |
---------------+-------------------------------------------+-----
Armour         | 2 3 6 |  6.0
Dodging        | 2 3 4 5 6 8 |  8.0
Unarmed Combat | 3 4 5 6 8 9 12 14 15 | 15.1
Fighting       | 4 5 6 7 9 11 12 13 14 16 | 16.0

Action                   |  1- 3 |  4- 6 |  7- 9 | 10-12 | 13-15 || total
-------------------------+-------+-------+-------+-------+-------++-------
Melee: Unarmed           |   133 |   137 |       |   169 |   604 ||  1043
       Punch             |     4 |     3 |    11 |    59 |    72 ||   149
       Whip              |       |    33 |   280 |   472 |       ||   785
Throw: Boomerang         |    12 |    20 |    28 |     5 |     7 ||    72
       Dart              |       |       |       |     2 |     6 ||     8
Invok: Brothers in Arms  |       |       |       |     1 |     4 ||     5
       Trog's Hand       |       |       |       |     1 |       ||     1
Evoke: Wand              |       |       |       |     4 |       ||     4
       Box of beasts     |       |       |       |     1 |       ||     1
       Condenser vane    |       |       |       |     1 |       ||     1
  Use: Scroll            |       |     6 |     6 |     7 |     8 ||    27
 Stab: Paralysed         |       |       |       |     2 |       ||     2
       Petrified         |       |       |       |       |    14 ||    14
       Petrifying        |       |       |       |       |     5 ||     5
       Distracted        |       |       |       |       |     1 ||     1
Armor: Ring mail         |    52 |    47 |    26 |       |       ||   125
       Troll leather arm |       |       |    34 |       |       ||    34
       Chain mail        |       |       |    45 |   568 |   445 ||  1058
Dodge: Dodged            |    76 |   146 |   303 |   745 |   404 ||  1674
Block: Other             |       |       |       |   129 |    51 ||   180
